 Dungeon Crawl Stone Soup version 0.23.2 (webtiles) character file.

Game seed: 527372990729656792

110 Kairos the Chopper (level 4, -2/40 HPs)
             Began as a Minotaur Gladiator on Apr 2, 2019.
             Slain by a shadow imp (5 damage)
             ... summoned by Natasha
             ... on level 3 of the Dungeon.
             The game lasted 00:01:45 (1686 turns).

Kairos the Chopper (Minotaur Gladiator)             Turns: 1686, Time: 00:01:45

Health: -2/40      AC:  6    Str: 20    XL:     4   Next: 61%
Magic:  3/3        EV:  7    Int:  5    God:
Gold:   73         SH: 11    Dex: 11    Spells: 3/3 levels left

rFire    . . .     SeeInvis .   a - +2 war axe
rCold    . . .     Gourm    .   n - +0 large shield
rNeg     . . .     Faith    .   m - +0 ring mail
rPois    .         Spirit   .   c - +0 hat
rElec    .         Reflect  .   (no cloak)
rCorr    .         Harm     .   (no gloves)
MR       .....                  k - +0 pair of boots
Stlth    +.........             (no amulet)
HPRegen  0.13/turn              (no ring)
MPRegen  0.08/turn              (no ring)

@: no status effects
A: retaliatory headbutt, horns 2
a: no special abilities


You were on level 3 of the Dungeon.
You were hungry.

You visited 1 branch of the dungeon, and saw 3 of its levels.

You collected 73 gold pieces.

Inventory:

Hand Weapons
 a - a +2 war axe (weapon)
Missiles
 d - 3 throwing nets (quivered)
Armour
 b - a +0 leather armour
 c - a +0 hat (worn)
 k - a +0 pair of boots (worn)
 m - a +0 ring mail (worn)
 n - a +0 large shield (worn)
Scrolls
 h - a scroll of remove curse
 l - 2 scrolls of teleportation
 p - a scroll of enchant weapon
 r - a scroll of amnesia {unknown}
Potions
 e - a potion of degeneration
 g - 2 potions of mutation {unknown}
 i - a potion of flight {unknown}
 j - 2 potions of brilliance
 o - a potion of might {unknown}
Comestibles
 f - 3 rations
 q - a chunk of flesh


   Skills:
 + Level 3.7 Fighting
 + Level 5.0 Axes
 + Level 2.1 Throwing
 + Level 1.7 Armour
 + Level 3.7 Dodging
 + Level 0.1 Stealth


You had 3 spell levels left.
You didn't know any spells.
Your spell library was empty.

Dungeon Overview and Level Annotations

Branches:
Dungeon (3/15)

Altars:

Annotations:
D:3 Natasha


Innate Abilities, Weirdness & Mutations

You reflexively headbutt those who attack you in melee.
You have a pair of horns on your head.


Message History

The shadow imp gestures at you. Pain shoots through your body!
* * * LOW HITPOINT WARNING * * *
Unknown command.
Unknown command.
You closely miss Natasha. You slash the shadow imp!
Natasha drinks a potion.
Natasha suddenly seems more agile.
The shadow imp barely misses you.
Your shield prevents you from hitting Natasha.
You closely miss the shadow imp. Natasha closely misses you.
The shadow imp hits you.
* * * LOW HITPOINT WARNING * * *
The shadow imp gestures at you. Pain shoots through your body!
* * * LOW HITPOINT WARNING * * *
Natasha claws you.
* * * LOW HITPOINT WARNING * * *
Unknown command.
You hit Natasha but do no damage. You closely miss the shadow imp.
You block Natasha's attack. The shadow imp hits you.
You die...

##........#
#.........#
#..####.###
.# ... #.# ..
# # #.# .
...#.##.#
####
#.......##...
#(##.##.#5h#
# #.#@# .
#$..# ..
#..## # ....#
###..# #...#
#..# #...#
#... #.... .
....
##...#####..
.>.##


You could see Natasha and a shadow imp.

Vanquished Creatures
  Natasha (D:3)
  3 adders
  An ooze (D:3)
  3 worms
  2 giant cockroaches
  4 goblins
  4 hobgoblins
  4 jackals (D:2)
  5 kobolds
  4 quokkas
  A ball python (D:1)
  7 bats
  4 frilled lizards (D:1)
  4 rats
47 creatures vanquished.

Notes
Turn   | Place    | Note
-------+----------+-------------------------------------------
     0 | D:1      | Kairos the Minotaur Gladiator began the quest for the Orb.
     0 | D:1      | Reached XP level 1. HP: 18/18 MP: 0/0
   236 | D:1      | Reached XP level 2. HP: 25/25 MP: 1/1
   240 | D:1      | Reached skill level 4 in Axes
   582 | D:2      | Reached XP level 3. HP: 30/30 MP: 2/2
  1406 | D:3      | Noticed Natasha
  1414 | D:3      | Killed Natasha
  1414 | D:3      | Reached skill level 1 in Armour
  1414 | D:3      | Reached XP level 4. HP: 20/38 MP: 3/3
  1555 | D:3      | Reached skill level 5 in Axes
  1677 | D:3      | Noticed Natasha
  1685 | D:3      | HP: 2/40 [Natasha (5)]
  1686 | D:3      | Slain by a shadow imp

Skill      XL: |  1  2  3  4 |
---------------+-------------+-----
Axes           | 4 5 |  5.0
Fighting       | 3 |  3.7
Armour         | 1 |  1.7
Throwing       | |  2.1
Dodging        | |  3.7
Stealth        | |  0.1

Action                   |  1- 3 |  4- 6 || total
-------------------------+-------+-------++-------
Melee: War axe           |    63 |    28 ||    91
       Headbutt          |    11 |     3 ||    14
  Use: Scroll            |     6 |       ||     6
       Potion            |     3 |       ||     3
 Stab: Sleeping          |     1 |       ||     1
  Eat: Chunk             |       |     2 ||     2
Armor: Leather armour    |     3 |       ||     3
       Ring mail         |    17 |     8 ||    25
Dodge: Dodged            |    38 |     4 ||    42
Block: Large shield      |     4 |    16 ||    20
